TOP OF THE 1ST |
Kentucky Wildcats batting - Pitching for Virginia Cavaliers : RHP Howard Reynolds
|
Pitching: RHP Howard Reynolds
|
|
Batting: LHB Eric Dillard
|
0-0: Ball 1-0: Called Strike 1-1: Fly out, F6 (Line Drive, 6MD)
|
Batting: RHB António Olivares
|
0-0: Ball 1-0: Ball 2-0: Ball 3-0: Called Strike 3-1: Swinging Strike 3-2: Base on Balls
|
Batting: SHB Arnold Moore
|
0-0: Foul Ball, location: 2F 0-1: Ball 1-1: Ball 2-1: Fly out, F7 (Flyball, 7LM)
|
Batting: RHB Robert Rose
|
0-0: Foul Ball, location: 2F 0-1: Ball António Olivares is caught stealing 2nd base
|
Top of the 1st over - 0 run(s), 0 hit(s), 0 error(s), 0 left on base; Kentucky 0 - Virginia 0 |
BOTTOM OF THE 1ST |
Virginia Cavaliers batting - Pitching for Kentucky Wildcats : RHP William Lockhard
|
Pitching: RHP William Lockhard
|
|
Batting: RHB Bartolo Reyes
|
0-0: Called Strike 0-1: Foul Ball, location: 2F 0-2: Strikes out looking
|
Batting: RHB Stan Taylor
|
0-0: Ball 1-0: Ball 2-0: Foul Ball, location: 2F 2-1: Foul Ball, location: 2F 2-2: Strikes out swinging
|
Batting: LHB Gabriel Aragón
|
0-0: Called Strike 0-1: Ball 1-1: Swinging Strike 1-2: Foul Ball, location: 2F 1-2: Ball 2-2: Ground out 5-3 (Groundball, 5L)
|
Bottom of the 1st over - 0 run(s), 0 hit(s), 0 error(s), 0 left on base; Kentucky 0 - Virginia 0 |
TOP OF THE 2ND |
Kentucky Wildcats batting - Pitching for Virginia Cavaliers : RHP Howard Reynolds
|
Batting: RHB Robert Rose
|
0-0: Ball 1-0: SINGLE (Groundball, 56)
|
Batting: RHB Bob Zambrano
|
0-0: Called Strike 0-1: Grounds into double play, 4-6-3 (Groundball, 4)
|
Batting: RHB Roberto Juárez
|
0-0: Ball 1-0: Foul Ball, location: 2F 1-1: Ball 2-1: Ball 3-1: Base on Balls
|
Batting: RHB Julius Farmer
|
0-0: Swinging Strike 0-1: Called Strike 0-2: Strikes out swinging
|
Top of the 2nd over - 0 run(s), 1 hit(s), 0 error(s), 1 left on base; Kentucky 0 - Virginia 0 |
BOTTOM OF THE 2ND |
Virginia Cavaliers batting - Pitching for Kentucky Wildcats : RHP William Lockhard
|
Batting: RHB Curt Owens
|
0-0: Called Strike 0-1: DOUBLE (Line Drive, 7LM)
|
Batting: LHB Pablo Espinoza
|
0-0: Called Strike 0-1: Ground out 6-3 (Groundball, 6M) Curt Owens to third
|
Batting: RHB Mark Whiffen
|
0-0: Ball 1-0: Ball 2-0: 2-RUN HOME RUN (Flyball, 7LD), Distance : 337 ft
|
Batting: SHB Walton Locke
|
0-0: Called Strike 0-1: Ground out 4-3 (Groundball, 4)
|
Batting: RHB David Rodríguez
|
0-0: Ball 1-0: Ball 2-0: Fly out, F8 (Flyball, 8LS)
|
Bottom of the 2nd over - 2 run(s), 2 hit(s), 0 error(s), 0 left on base; Kentucky 0 - Virginia 2 |
TOP OF THE 3RD |
Kentucky Wildcats batting - Pitching for Virginia Cavaliers : RHP Howard Reynolds
|
Batting: SHB Russ Beasley
|
0-0: Called Strike 0-1: Ball 1-1: Ball 2-1: Swinging Strike 2-2: Foul Ball, location: 2F 2-2: Foul Ball, location: 2F 2-2: Ball 3-2: Foul Ball, location: 2F 3-2: Base on Balls
|
Batting: RHB Morris Wilson
|
0-0: Fly out, F8 (Flyball, 8RS)
|
Batting: LHB Eric Dillard
|
0-0: Fly out, F9 (Flyball, 89M)
|
Batting: RHB António Olivares
|
0-0: Called Strike Russ Beasley steals 2nd base 0-1: SINGLE (Groundball, 15) (infield hit) Russ Beasley to third
|
Batting: SHB Arnold Moore
|
0-0: Called Strike 0-1: Ball 1-1: Ball 2-1: Foul Ball, location: 2F 2-2: Reached on error, E4 (Groundball, 4) Russ Beasley scores António Olivares to second
|
Batting: RHB Robert Rose
|
0-0: Ball 1-0: Ball 2-0: Called Strike 2-1: Foul Ball, location: 2F 2-2: Ground out 4-3 (Groundball, 34)
|
Top of the 3rd over - 1 run(s), 1 hit(s), 1 error(s), 2 left on base; Kentucky 1 - Virginia 2 |
BOTTOM OF THE 3RD |
Virginia Cavaliers batting - Pitching for Kentucky Wildcats : RHP William Lockhard
|
Batting: RHB Bruce Kefer
|
0-0: Foul Ball, location: 2F 0-1: Foul Ball, location: 2F 0-2: Ball 1-2: Ball 2-2: Foul Ball, location: 2F 2-2: Foul Ball, location: 2F 2-2: Strikes out swinging
|
Batting: RHB Bartolo Reyes
|
0-0: Ball 1-0: SINGLE (Groundball, 5D)
|
Batting: RHB Stan Taylor
|
0-0: Ball Bartolo Reyes steals 2nd base 1-0: Called Strike 1-1: Ball 2-1: Swinging Strike 2-2: SINGLE (Line Drive, 3) Bartolo Reyes to third Runner from 3rd tries for Home, SAFE, no throw or cutoff
|
Batting: LHB Gabriel Aragón
|
0-0: Ball 1-0: Ball 2-0: Called Strike Stan Taylor steals 2nd base 2-1: Called Strike Stan Taylor steals 3rd base 2-2: Strikes out swinging
|
Batting: RHB Curt Owens
|
0-0: Ball 1-0: Called Strike 1-1: Called Strike 1-2: Ground out 4-3 (Groundball, 4)
|
Bottom of the 3rd over - 1 run(s), 2 hit(s), 0 error(s), 1 left on base; Kentucky 1 - Virginia 3 |
TOP OF THE 4TH |
Kentucky Wildcats batting - Pitching for Virginia Cavaliers : RHP Howard Reynolds
|
Batting: RHB Bob Zambrano
|
0-0: Foul Ball, location: 2F 0-1: Ball 1-1: Called Strike 1-2: Strikes out swinging
|
Batting: RHB Roberto Juárez
|
0-0: Foul Ball, location: 2F 0-1: Foul Ball, location: 2F 0-2: SINGLE (Flyball, 89S)
|
Batting: RHB Julius Farmer
|
0-0: Called Strike 0-1: Called Strike 0-2: Strikes out swinging
|
Batting: SHB Russ Beasley
|
0-0: Called Strike 0-1: Foul Ball, location: 2F 0-2: Foul Ball, location: 2F 0-2: Ball 1-2: Ball 2-2: Ball 3-2: Strikes out swinging
|
Top of the 4th over - 0 run(s), 1 hit(s), 0 error(s), 1 left on base; Kentucky 1 - Virginia 3 |
BOTTOM OF THE 4TH |
Virginia Cavaliers batting - Pitching for Kentucky Wildcats : RHP William Lockhard
|
Batting: LHB Pablo Espinoza
|
0-0: Foul Ball, location: 2F 0-1: Foul Ball, location: 2F 0-2: Hit by Pitch
|
Batting: RHB Mark Whiffen
|
0-0: Ball 1-0: Swinging Strike 1-1: Swinging Strike 1-2: Foul Ball, location: 2F 1-2: Ball 2-2: Foul Ball, location: 2F 2-2: Strikes out looking
|
Batting: SHB Walton Locke
|
0-0: Ball 1-0: Ball 2-0: Foul Ball, location: 2F 2-1: Foul Ball, location: 2F 2-2: Ball 3-2: Ground out 5-3 (Groundball, 56S) Pablo Espinoza to second
|
Batting: RHB David Rodríguez
|
0-0: Fly out, F2 (Popup, 2RF)
|
Bottom of the 4th over - 0 run(s), 0 hit(s), 0 error(s), 1 left on base; Kentucky 1 - Virginia 3 |
TOP OF THE 5TH |
Kentucky Wildcats batting - Pitching for Virginia Cavaliers : RHP Howard Reynolds
|
Batting: RHB Morris Wilson
|
0-0: Ball 1-0: Ball 2-0: Called Strike 2-1: Ball 3-1: Foul Ball, location: 2F 3-2: Base on Balls
|
Batting: LHB Eric Dillard
|
0-0: Foul Ball, location: 2F 0-1: Called Strike 0-2: Strikes out looking
|
Batting: RHB António Olivares
|
0-0: Ball 1-0: Foul Ball, location: 2F 1-1: Foul Ball, location: 2F 1-2: Hit by Pitch Morris Wilson to second
|
Pitching: LHP Bill Martin
|
|
Batting: SHB Arnold Moore
|
0-0: Ball 1-0: Foul Ball, location: 2F 1-1: Foul Ball, location: 2F 1-2: 3-RUN HOME RUN (Flyball, 78XD), Distance : 378 ft
|
Batting: RHB Robert Rose
|
0-0: Ball 1-0: Ball 2-0: Called Strike 2-1: Foul Ball, location: 2F 2-2: Fly out, F8 (Flyball, 8RM)
|
Batting: RHB Bob Zambrano
|
0-0: Called Strike 0-1: Foul Ball, location: 2F 0-2: Ball 1-2: Strikes out looking
|
Top of the 5th over - 3 run(s), 1 hit(s), 0 error(s), 0 left on base; Kentucky 4 - Virginia 3 |
BOTTOM OF THE 5TH |
Virginia Cavaliers batting - Pitching for Kentucky Wildcats : RHP William Lockhard
|
Batting: RHB Bruce Kefer
|
0-0: Foul Ball, location: 2F 0-1: Called Strike 0-2: Foul Ball, location: 2F 0-2: Ball 1-2: SINGLE (Groundball, 5L)
|
Batting: RHB Bartolo Reyes
|
0-0: Called Strike 0-1: Ball 1-1: DOUBLE (Line Drive, 9LM) Bruce Kefer to third
|
Batting: RHB Stan Taylor
|
0-0: Called Strike 0-1: Called Strike 0-2: Ground out 5-3 (Groundball, 5S)
|
Batting: LHB Gabriel Aragón
|
0-0: Ball 1-0: Fly out, F6 (Popup, 6MD)
|
Batting: RHB Curt Owens
|
0-0: Ball 1-0: Ball 2-0: Ball 3-0: Called Strike 3-1: Swinging Strike 3-2: Strikes out looking
|
Bottom of the 5th over - 0 run(s), 2 hit(s), 0 error(s), 2 left on base; Kentucky 4 - Virginia 3 |
TOP OF THE 6TH |
Kentucky Wildcats batting - Pitching for Virginia Cavaliers : LHP Bill Martin
|
Batting: RHB Roberto Juárez
|
0-0: SINGLE (Line Drive, 9LS)
|
Batting: RHB Julius Farmer
|
0-0: Ball 1-0: Fly out, F8 (Flyball, 8LM)
|
Batting: SHB Russ Beasley
|
0-0: Ball 1-0: Ball 2-0: Ball 3-0: Base on Balls Roberto Juárez to second
|
Batting: RHB Morris Wilson
|
0-0: Called Strike 0-1: Foul Ball, location: 2F 0-2: Ball 1-2: Strikes out swinging
|
Batting: LHB Eric Dillard
|
0-0: Ball 1-0: Called Strike 1-1: Called Strike 1-2: Ball 2-2: Ball 3-2: Base on Balls Roberto Juárez to third Russ Beasley to second
|
Batting: RHB António Olivares
|
0-0: Foul Ball, location: 2F 0-1: Ball 1-1: Ball 2-1: Ball 3-1: Fly out, F9 (Line Drive, 9M)
|
Top of the 6th over - 0 run(s), 1 hit(s), 0 error(s), 3 left on base; Kentucky 4 - Virginia 3 |
BOTTOM OF THE 6TH |
Virginia Cavaliers batting - Pitching for Kentucky Wildcats : RHP William Lockhard
|
Batting: LHB Pablo Espinoza
|
0-0: Ball 1-0: Called Strike 1-1: Ball 2-1: Ground out 1-3 (Groundball, 13S)
|
Batting: RHB Mark Whiffen
|
0-0: Swinging Strike 0-1: Foul Ball, location: 2F 0-2: Strikes out swinging
|
Batting: SHB Walton Locke
|
0-0: Called Strike 0-1: Ball 1-1: Ball 2-1: Ground out 4-3 (Groundball, 4)
|
Bottom of the 6th over - 0 run(s), 0 hit(s), 0 error(s), 0 left on base; Kentucky 4 - Virginia 3 |
TOP OF THE 7TH |
Kentucky Wildcats batting - Pitching for Virginia Cavaliers : LHP Bill Martin
|
Batting: SHB Arnold Moore
|
0-0: Ball 1-0: Swinging Strike 1-1: Ball 2-1: Ball 3-1: Fly out, F9 (Flyball, 9LS)
|
Pitching: RHP Jeff Stout
|
|
Batting: RHB Robert Rose
|
0-0: Ball 1-0: Ball 2-0: Swinging Strike 2-1: Called Strike 2-2: Foul Ball, location: 2F 2-2: Ball 3-2: SINGLE (Line Drive, 6D)
|
Batting: RHB Bob Zambrano
|
0-0: Called Strike 0-1: SINGLE (Groundball, 34) Robert Rose to second Runner from 2nd tries for 3rd, SAFE, throw made to third
|
Batting: RHB Roberto Juárez
|
0-0: Ball 1-0: Called Strike 1-1: Foul Ball, location: 2F 1-2: Strikes out looking
|
Batting: RHB Julius Farmer
|
0-0: Fly out, F4 (Popup, 4)
|
Top of the 7th over - 0 run(s), 2 hit(s), 0 error(s), 2 left on base; Kentucky 4 - Virginia 3 |
BOTTOM OF THE 7TH |
Virginia Cavaliers batting - Pitching for Kentucky Wildcats : RHP William Lockhard
|
Batting: RHB David Rodríguez
|
0-0: Foul Ball, location: 2F 0-1: Fly out, F7 (Line Drive, 7M)
|
Batting: RHB Bruce Kefer
|
0-0: Called Strike 0-1: Ball 1-1: Foul Ball, location: 2F 1-2: Fly out, F9 (Flyball, 9S)
|
Batting: RHB Bartolo Reyes
|
0-0: Foul Ball, location: 2F 0-1: Swinging Strike 0-2: Ball 1-2: Ball 2-2: Ground out 5-3 (Groundball, 5S)
|
Bottom of the 7th over - 0 run(s), 0 hit(s), 0 error(s), 0 left on base; Kentucky 4 - Virginia 3 |
TOP OF THE 8TH |
Kentucky Wildcats batting - Pitching for Virginia Cavaliers : RHP Jeff Stout
|
Batting: SHB Russ Beasley
|
0-0: Fly out, F8 (Flyball, 78S)
|
Batting: RHB Morris Wilson
|
0-0: Ball 1-0: Ball 2-0: Fly out, F4 (Popup, 34)
|
Batting: LHB Eric Dillard
|
0-0: Ball 1-0: Called Strike 1-1: Foul Ball, location: 2F 1-2: Ground out U3 (Groundball, 3L)
|
Top of the 8th over - 0 run(s), 0 hit(s), 0 error(s), 0 left on base; Kentucky 4 - Virginia 3 |
BOTTOM OF THE 8TH |
Virginia Cavaliers batting - Pitching for Kentucky Wildcats : RHP William Lockhard
|
Batting: RHB Stan Taylor
|
0-0: Called Strike 0-1: Ball 1-1: Ground out 6-3 (Groundball, 6M)
|
Batting: LHB Gabriel Aragón
|
0-0: Ball 1-0: SINGLE (Groundball, 4MD)
|
Batting: RHB Curt Owens
|
0-0: Called Strike 0-1: Ball 1-1: Ball 2-1: DOUBLE (Line Drive, 3D) Gabriel Aragón to third
|
Pitching: RHP Bryant Hatcher
|
|
Batting: LHB Pablo Espinoza
|
0-0: Ball 1-0: Ball 2-0: Ball 3-0: Base on Balls
|
Batting: RHB Mark Whiffen
|
0-0: Foul Ball, location: 2F 0-1: Foul Ball, location: 2F 0-2: Strikes out looking
|
Batting: SHB Walton Locke
|
0-0: SINGLE (Groundball, 6MD) Gabriel Aragón scores Curt Owens to third Pablo Espinoza to second Runner from 3rd tries for Home, throw and OUT!
|
Bottom of the 8th over - 1 run(s), 3 hit(s), 0 error(s), 2 left on base; Kentucky 4 - Virginia 4 |
TOP OF THE 9TH |
Kentucky Wildcats batting - Pitching for Virginia Cavaliers : RHP Jeff Stout
|
Pitching: RHP Ben Ellison
|
|
Batting: RHB António Olivares
|
0-0: Ball 1-0: Foul Ball, location: 2F 1-1: Ground out 1-3 (Groundball, 15)
|
Batting: SHB Arnold Moore
|
0-0: Ball 1-0: Swinging Strike 1-1: Ground out 4-3 (Groundball, 34)
|
Batting: RHB Robert Rose
|
0-0: Ball 1-0: Ball 2-0: Ball 3-0: Base on Balls
|
Batting: RHB Bob Zambrano
|
0-0: Called Strike 0-1: Swinging Strike 0-2: Fly out, F7 (Flyball, 7D)
|
Top of the 9th over - 0 run(s), 0 hit(s), 0 error(s), 1 left on base; Kentucky 4 - Virginia 4 |
BOTTOM OF THE 9TH |
Virginia Cavaliers batting - Pitching for Kentucky Wildcats : RHP Bryant Hatcher
|
Batting: RHB David Rodríguez
|
0-0: Foul Ball, location: 2F 0-1: Foul Ball, location: 2F 0-2: Foul Ball, location: 2F 0-2: Ball 1-2: Ball 2-2: Foul Ball, location: 2F 2-2: Ball 3-2: Base on Balls
|
Pinch Hitting: RHB Pat McDonald
|
0-0: Ball 1-0: Ball 2-0: Ball 3-0: Called Strike 3-1: Foul Ball, location: 2F 3-2: Base on Balls David Rodríguez to second
|
Batting: RHB Bartolo Reyes
|
0-0: Bunted foul 0-1: Bunted foul 0-2: Ball 1-2: Ball Wild Pitch! David Rodríguez to third Pat McDonald to second 2-2: Fly out, F8 (Flyball, 8LS)
|
Batting: RHB Stan Taylor
|
0-0: Intentional Walk
|
Pitching: RHP Bryce Gray
|
|
Batting: LHB Gabriel Aragón
|
0-0: Foul Ball, location: 2F 0-1: Foul Ball, location: 2F 0-2: Ball 1-2: Ball 2-2: Ball 3-2: Base on Balls David Rodríguez scores Pat McDonald to third Stan Taylor to second
|
Monday, December 5th, 2016 - OOTP Baseball 17.12 Build 75
|
|